 Dungeon Crawl Stone Soup version 0.30-a0-808-g6e0788376e (webtiles) character file.

Game seed: 9205175464241377597

70263 Lobster4 the Slicer (level 14, -8/127 HPs)
             Began as a Red Draconian Conjurer on Feb 26, 2023.
             Was a High Priest of Vehumet.
             Shot with an arrow by a centaur warrior (15 damage)
             ... on level 13 of the Dungeon.
             The game lasted 01:17:07 (29422 turns).

Lobster4 the Slicer (Red Draconian Conjurer)       Turns: 29422, Time: 01:17:08

Health: -8/127     AC: 15    Str: 11    XL:     14   Next: 93%
Magic:  23/28      EV: 16    Int: 27    God:    Vehumet [*****.]
Gold:   1417       SH:  5    Dex: 14    Spells: 10/34 levels left

rFire   + + .      SeeInvis .    a - +7 short sword of Spores {flame, Fly rElec rF-}
rCold   + . .      Faith    .    P - +0 buckler
rNeg    + + .      Spirit   .    (body armour unavailable)
rPois   +          Reflect  .    x - +0 hat of the Devil's Team {rElec rN+ Dex+3}
rElec   +          Harm     .    y - scarf {rC+ rF+}
rCorr   +          Rampage  .    N - +3 pair of gloves "Nioplef" {rN+ rCorr Slay-6}
Will    +....                    k - +2 pair of boots of Cusof {rF+}
Stlth   ++                       V - amulet of magic regeneration
HPRegen 0.41/turn                u - ring of poison resistance
MPRegen 0.61/turn                K - +6 ring of intelligence

@: flying, studying 2 skills
A: breathe fire, AC +8, unfitting armour, fire resistance 1, cold-blooded
a: Breathe Fire, Renounce Religion


You were on level 13 of the Dungeon.
You worshipped Vehumet.
Vehumet was extremely pleased with you.
You visited 4 branches of the dungeon, and saw 21 of its levels.
You also visited: Gauntlet.

You collected 2021 gold pieces.
You spent 604 gold pieces at shops.

Inventory:

Hand Weapons
 a - the +7 short sword of Spores (weapon) {flame, Fly rElec rF-}
   (You bought it in a shop on level 9 of the Dungeon)

   rF:        It makes you vulnerable to fire.
   rElec:     It insulates you from electricity.
   Fly:       It grants you flight.
 b - a +0 sling
 m - the +3 short sword of Indignation {speed, rN+}
   (You bought it in a shop on level 9 of the Dungeon)

   rN:        It protects you from negative energy.
 p - the +7 broad axe "Nabroep" {flame, rC+ Str+4}
   (You found it in a Gauntlet)

   Str:       It affects your strength (+4).
   rC:        It protects you from cold.
 H - a +2 short sword of venom
 L - a +2 double sword of holy wrath
 Q - a +1 shortbow of flaming
Missiles
 h - 54 poisoned darts (quivered)
 F - 5 curare-tipped darts
 J - 19 javelins
 Z - 4 throwing nets
Armour
 e - a +0 pair of boots
 k - the +2 pair of boots of Cusof (worn) {rF+}
   (You found it in a Gauntlet)

   rF:        It protects you from fire.
 q - a +1 pair of gloves
 x - the +0 hat of the Devil's Team (worn) {rElec rN+ Dex+3}
   (You acquired it on level 2 of the Orcish Mines)

   Dex:       It affects your dexterity (+3).
   rElec:     It insulates you from electricity.
   rN:        It protects you from negative energy.
 y - a scarf of resistance (worn)
 N - the +3 pair of gloves "Nioplef" (worn) {rN+ rCorr Slay-6}
   (You found it in a Gauntlet)

   Slay:      It affects your accuracy & damage with ranged weapons and melee
   (-6).
   rN:        It protects you from negative energy.
   rCorr:     It protects you from acid and corrosion.
 P - a +0 buckler (worn)
 X - a +0 helmet of intelligence
Jewellery
 r - an amulet of the acrobat
 u - a ring of poison resistance (left hand)
 K - a +6 ring of intelligence (right hand)
 S - a ring of see invisible
 V - an amulet of magic regeneration (around neck)
Wands
 v - a wand of paralysis (31)
 w - a wand of flame (13)
 A - a wand of roots (12)
 D - a wand of polymorph (5)
 O - a wand of mindburst (5)
Scrolls
 c - 5 scrolls of fear
 l - 5 scrolls of magic mapping
 n - 9 scrolls of teleportation
 o - 2 scrolls of fog
 s - 2 scrolls of poison
 t - 7 scrolls of enchant armour
 z - a scroll of immolation
 G - 2 scrolls of blinking
 M - 2 scrolls of enchant weapon {unknown}
 T - a scroll of silence
Potions
 d - 5 potions of brilliance
 f - a potion of haste
 g - 2 potions of ambrosia
 i - 2 potions of berserk rage
 j - 2 potions of experience {unknown}
 B - a potion of resistance
 C - 5 potions of heal wounds
 E - 3 potions of might
 I - a potion of cancellation
 R - 8 potions of curing
 U - 4 potions of lignification
 Y - a potion of magic
Miscellaneous
 W - a box of beasts


   Skills:
 + Level 12.3 Fighting
 - Level 13.0 Short Blades
 - Level 2.0 Maces & Flails
 - Level 1.0 Throwing
 - Level 10.0 Dodging
 - Level 2.0 Stealth
 - Level 6.0 Shields
 + Level 10.8 Spellcasting
 + Level 12.1 Conjurations
 - Level 3.0 Translocations
 + Level 10.6 Fire Magic
 - Level 1.0 Air Magic
 - Level 1.0 Earth Magic
 - Level 4.0 Evocations


You had 10 spell levels left.
You knew the following spells:

 Your Spells              Type           Power      Damage    Failure   Level
a - Magic Dart            Conj           100%       1d8       1%          1
b - Searing Ray           Conj           100%       2d8       1%          2
c - Foxfire               Conj/Fire      100%       2x1d9     1%          1
d - Iskenderun's Mystic   Conj/Tloc      53%        2d11      1%          4
e - Kindle Blastsparks    Fire/Tloc/Air  82%        2d16      1%          3
f - Starburst             Conj/Fire      33%        6d10      1%          6
g - Sticky Flame          Conj/Fire      66%        2d8       1%          4
h - Stone Arrow           Conj/Erth      100%       3d13      1%          3

Your spell library contained the following spells:

 Spells                   Type           Power      Damage    Failure   Level
 Arcjolt                  Conj/Air       25%        1d35      2%          5
 Shock                    Conj/Air       100%       1d9       1%          1
 Momentum Strike          Conj/Tloc      100%       3d10      1%          2
 Dazzling Flash           Conj/Hex       94%        N/A       1%          3
 Fulminant Prism          Conj/Hex       23%        3d12      1%          4
 Blink                    Tloc           60%        N/A       2%          2
 Lesser Beckoning         Tloc           60%        N/A       2%          2
 Frozen Ramparts          Ice            28%        1d5       4%          3
 Ensorcelled Hibernation  Hex/Ice        28%        N/A       8%          2
 Airstrike                Air            10%        2d(2-18)  9%          4
 Swiftness                Air            20%        N/A       10%         3
 Spider Form              Tmut/Pois      14%        N/A       16%         3
 Anguish                  Hex/Necr       7%         N/A       45%         4
 Ice Form                 Ice/Tmut       14%        N/A       45%         4
 Summon Ice Beast         Ice/Summ       14%        N/A       45%         4
 Lehudib's Crystal Spear  Conj/Erth      25%        10d7      99%         8
 Animate Armour           Summ/Erth      Unusable   N/A       N/A         4

Dungeon Overview and Level Annotations

Branches:
Dungeon (13/15)            Temple (1/1) D:6            Lair (5/5) D:10
  Swamp (0/4) Lair:3       Spider (0/4) Lair:2        Slime (0/5) Lair:4
    Orc (2/2) D:11            Elf (0/3) Orc:2       Gauntlet (visited)
 Vaults: D:13-14

Altars:
Ashenzari
Cheibriados
Dithmenos
Elyvilon
Fedhas
Gozag
Hepliaklqana
Kikubaaqudgha
Makhleb
Nemelex Xobeh
Okawaru
Qazlal
Ru
Sif Muna
Trog
Uskayaw
Vehumet
Wu Jian
Xom
Yredelemnul
Zin
The Shining One
Jiyva

Shops:
D:2 *   D:9 (   D:11 ?   Orc:2 **:?

Annotations:
D:7 Joseph
Lair:1 1 runed translucent door, Kufaut's ghost, journeyman MiBe


Innate Abilities, Weirdness & Mutations

You can breathe blasts of fire.
Your fiery red scales are hard. (AC +8)
You cannot fit into any form of body armour.
Your flesh is heat resistant. (rF+)
You are cold-blooded and may be slowed by cold attacks.


Message History

The centaur shoots an arrow.
The arrow hits you but does no damage.
The centaur drinks a potion.
The centaur is healed!
The centaur warrior shoots an arrow.
The arrow hits you!
* * * LOW HITPOINT WARNING * * *
The centaur warrior shoots an arrow.
The arrow hits you!
* * * LOW HITPOINT WARNING * * *
Things that are here:
a +0 shortbow; a centaur corpse
Casting: Iskenderun's Mystic Blast (mildly dangerous; 1% risk of failure)
Confirm with . or Enter, or press ? or * to list all spells.
You erupt in a blast of force!
The mystic blast hits the centaur warrior!
The centaur warrior is severely wounded.
The mystic blast hits the centaur!
The centaur is severely wounded.
The mystic blast hits the centaur!
The centaur is almost dead.
The centaur is knocked back by the mystic blast.
The mystic blast hits the centaur!
The centaur is almost dead.
The centaur is knocked back by the mystic blast.
The centaur warrior shoots an arrow.
The arrow hits you!
* * * LOW HITPOINT WARNING * * *
The centaur shoots an arrow.
The arrow closely misses you.
The centaur wields a +0 shortbow.
The centaur shoots an arrow.
The arrow hits you.
* * * LOW HITPOINT WARNING * * *
The centaur shoots an arrow.
The arrow closely misses you.
The centaur warrior shoots an arrow.
The arrow misses you.
The centaur shoots an arrow.
The arrow hits you.
* * * LOW HITPOINT WARNING * * *
The centaur warrior shoots an arrow.
The arrow closely misses you.
Unknown command.
You feel much better.
The centaur shoots an arrow.
The arrow hits you but does no damage.
The centaur shoots an arrow.
You block the arrow.
The centaur warrior shoots an arrow.
The arrow hits you!!
* * * LOW HITPOINT WARNING * * *
The centaur shoots an arrow.
The arrow hits you but does no damage.
The centaur warrior shoots an arrow.
The arrow hits you!
You die...

****,,,,,,,** *** ##.#........###
*,* #.............#***,***
**##..............**,,,,*
**,...............#**,,,,***
*,,,...............***,,,*,*
***,,*#.....c.......* **,,,,*
*****,**,*#........c....***,,,,,,
*,,,,,,..###.c..@.......,,,,,,,,,
,,,,,,,.../....)...c....,,,,,,,,,
,,,,,,,........∩........,,,,,,,,*
,,,,,,,,......#.........,,,,,,,**
,,,,,,,..#....#.........,,,,,,**
,,,,,,,..#..............,,,,,,***
*,,,,,,.................,,,,,,,,*
,,,,,,,....._..c........,,,,,,,,,
,,,,,,,.##..............,,,,**,,,


You could see 2 centaur warriors and 3 centaurs.

Vanquished Creatures
  Kirke (D:12)
  Harold (Lair:2)
  3 hydras
  6 two-headed ogres
  A boulder beetle (D:12)
  2 tengu warriors (D:13)
  Urug (Orc:2)
  A bog body (Lair:3)
  A lindwurm (Lair:4)
  11 orc sorcerers
  A manticore (D:11)
  4 cyclopes
  An ugly thing (D:12)
  26 elephants
  A black mamba (Lair:5)
  2 gargoyles
  7 cane toads
  6 rime drakes
  4 unseen horrors
  5 komodo dragons
  A kobold demonologist (D:9)
  A tengu conjurer (D:13)
  9 polar bears
  A tyrant leech (Gauntlet)
  3 hornets
  4 trolls
  2 dream sheep (Lair:5)
  Prince Ribbit (D:5)
  18 blink frogs
  2 raiju (Gauntlet)
  A wraith (D:11)
  10 spriggans
  2 shadows
  A vampire (D:12)
  56 yaks
  6 wyverns
  Eustachio (D:3)
  2 steam dragons
  6 hogs (D:13)
  2 redbacks (Lair:2)
  7 vampire mosquitoes
  7 wargs
  4 swamp worms (Gauntlet)
  An acid dragon (D:10)
  A floating eye (shapeshifter) (Gauntlet)
  Duvessa (D:4)
  16 water moccasins
  11 orc warriors
  3 sky beasts
  3 ice beasts
  4 black bears
  52 wolves
  5 boggarts (Lair:5)
  3 ogres
  6 centaurs
  5 kobold brigands
  11 bullfrogs
  2 necrophages
  A gnoll sergeant (D:9)
  2 scorpions
  8 wights
  Dowan (D:4)
  5 killer bees (D:10)
  3 vampire bats (D:3)
  10 electric eels
  5 howler monkeys
  3 hounds
  A jelly (D:5)
  12 orc priests
  2 iguanas
  Ijyb (D:4)
  40 orc wizards
  2 lightning spires (Gauntlet)
  Robin (D:3)
  5 gnolls (D:9)
  10 adders
  2 shadow imps
  A white imp (D:7)
  3 worms (D:2)
  A dart slug (D:3)
  61 orcs
  5 ball pythons
  A bat skeleton (D:3)
  4 bat zombies (D:3)
  4 endoplasms
  A giant cockroach (D:1)
  8 hobgoblins
  13 jackals
  27 kobolds
  2 quokkas (D:1)
  3 bats
  7 frilled lizards
  17 goblins
  5 rats
633 creatures vanquished.

Vanquished Creatures (collateral kills)
  A minotaur (Gauntlet)
  A hornet (Lair:5)
  A black bear (Lair:5)
  A foxfire (Lair:3)
4 creatures vanquished.

Vanquished Creatures (others)
  400 foxfires
  43 fungi
  46 plants
489 creatures vanquished.

Grand Total: 1126 creatures vanquished

Notes
Turn   | Place    | Note
-------+----------+-------------------------------------------
     0 | D:1      | Lobster4 the Draconian Conjurer began the quest for the
                  | Orb.
     0 | D:1      | Reached XP level 1. HP: 14/14 MP: 3/3
   205 | D:1      | Reached XP level 2. HP: 13/22 MP: 0/5
   998 | D:2      | Reached skill level 1 in Fighting
  1158 | D:1      | Learned a level 2 spell: Searing Ray
  1245 | D:2      | Reached XP level 3. HP: 28/28 MP: 0/6
  1379 | D:2      | Found Cuditocw's Assorted Antiques.
  1691 | D:2      | Reached XP level 4. HP: 36/36 MP: 1/7
  2759 | D:3      | Reached XP level 5. HP: 41/41 MP: 4/9
  2979 | D:3      | Found an ancient bone altar of Kikubaaqudgha.
  3735 | D:3      | Noticed Robin
  3742 | D:3      | Killed Robin
  4080 | D:3      | Reached skill level 5 in Conjurations
  4080 | D:3      | Reached XP level 6. HP: 51/51 MP: 5/11
  4738 | D:4      | Noticed Ijyb
  4747 | D:4      | Killed Ijyb
  4824 | D:4      | Noticed Eustachio
  4856 | D:3      | Killed Eustachio
  4857 | D:3      | Reached skill level 1 in Short Blades
  4857 | D:3      | Your scales start taking on a fiery red colour.
  4857 | D:3      | Reached XP level 7. HP: 58/58 MP: 8/12
  4857 | D:3      | Gained mutation: Your flesh is heat resistant. (rF+) [Red
                  | Draconian growth]
  5217 | D:4      | Found a shadowy altar of Dithmenos.
  5850 | D:5      | Entered Level 5 of the Dungeon
  5959 | D:5      | Noticed Duvessa
  5960 | D:5      | Noticed Dowan
  6347 | D:5      | Found a glowing silver altar of Zin.
  6460 | D:5      | Noticed a shadow
  6505 | D:4      | Killed Duvessa
  6509 | D:4      | Killed Dowan
  6510 | D:4      | Reached XP level 8. HP: 20/67 MP: 1/14
  6749 | D:5      | Reached skill level 5 in Fighting
  7089 | D:5      | Noticed Prince Ribbit
  7099 | D:5      | Killed Prince Ribbit
  7100 | D:5      | Reached skill level 1 in Maces & Flails
  7238 | D:6      | Reached skill level 2 in Short Blades
  7238 | D:6      | Reached skill level 5 in Spellcasting
  7242 | D:6      | Reached skill level 5 in Dodging
  7317 | D:6      | Reached skill level 3 in Short Blades
  7588 | D:6      | Reached XP level 9. HP: 75/75 MP: 8/17
  7991 | D:6      | Reached skill level 4 in Short Blades
  8071 | D:6      | Found a staircase to the Ecumenical Temple.
  8167 | Temple   | Entered the Ecumenical Temple
  8684 | D:7      | Reached skill level 1 in Throwing
  8684 | D:7      | Reached skill level 1 in Evocations
  8760 | D:7      | Found a radiant altar of Vehumet.
  8793 | D:7      | Became a worshipper of Vehumet
  9041 | D:7      | Reached skill level 5 in Short Blades
  9223 | D:7      | Noticed Joseph
  9266 | D:7      | Noticed a komodo dragon
  9310 | D:7      | Reached skill level 6 in Short Blades
  9493 | D:7      | Reached XP level 10. HP: 86/86 MP: 12/19
 10240 | D:7      | Noticed a gargoyle
 10253 | D:7      | Killed a gargoyle
 10682 | D:8      | Reached skill level 7 in Short Blades
 10923 | D:8      | Identified the +3 leather armour of the Furrier {rPois
                  | Will- Regen+ Str+8}
 10951 | D:8      | Reached * piety under Vehumet
 10951 | D:8      | Offered knowledge of Foxfire by Vehumet.
 10981 | D:8      | Learned a level 1 spell: Foxfire
 11504 | D:9      | Found Hanoewnu's Antique Weapon Shop.
 11521 | D:9      | Bought a dazzling short sword for 224 gold pieces
 11521 | D:9      | Identified the +3 short sword of Indignation {speed, rN+}
                  | (You bought it in a shop on level 9 of the Dungeon)
 11521 | D:9      | Bought a faintly glowing short sword for 224 gold pieces
 11521 | D:9      | Identified the +7 short sword of Spores {flame, Fly rElec
                  | rF-} (You bought it in a shop on level 9 of the Dungeon)
 11597 | D:9      | Reached skill level 1 in Fire Magic
 11838 | D:9      | Reached skill level 8 in Short Blades
 12622 | D:10     | Entered Level 10 of the Dungeon
 12724 | D:10     | Found a white marble altar of Elyvilon.
 12777 | D:9      | Reached XP level 11. HP: 92/94 MP: 11/21
 13051 | D:9      | Reached ** piety under Vehumet
 13051 | D:9      | Offered knowledge of Freeze by Vehumet.
 13500 | D:10     | Found an iron altar of Okawaru.
 13500 | D:10     | Found a snail-covered altar of Cheibriados.
 13728 | D:10     | Found a staircase to the Lair.
 13828 | D:11     | Found a staircase to the Orcish Mines.
 13846 | D:11     | Noticed a two-headed ogre
 13858 | D:11     | Killed a two-headed ogre
 13859 | D:11     | Reached skill level 9 in Short Blades
 14201 | D:10     | Learned a level 4 spell: Iskenderun's Mystic Blast
 14265 | Lair:1   | Entered Level 1 of the Lair of Beasts
 14682 | Lair:1   | Reached skill level 1 in Translocations
 14800 | Lair:1   | Offered knowledge of Static Discharge by Vehumet.
 14905 | Lair:1   | Reached *** piety under Vehumet
 15171 | Lair:1   | Reached skill level 5 in Fire Magic
 15489 | Lair:1   | Noticed a five-headed hydra
 15494 | Lair:1   | Found a runed translucent door.
 15495 | Lair:1   | Noticed Kufaut's ghost (journeyman MiBe)
 15498 | Lair:1   | Offered knowledge of Kindle Blastsparks by Vehumet.
 15498 | Lair:1   | Killed a five-headed hydra
 15499 | Lair:1   | Reached skill level 10 in Short Blades
 15499 | Lair:1   | Reached XP level 12. HP: 54/104 MP: 24/24
 15637 | Lair:1   | Learned a level 3 spell: Kindle Blastsparks
 16173 | Lair:2   | Noticed a five-headed hydra
 16177 | Lair:2   | Killed a five-headed hydra
 16178 | Lair:2   | Reached skill level 1 in Shields
 16183 | Lair:2   | Noticed Harold
 16203 | Lair:2   | Killed Harold
 16443 | Lair:2   | Found a hole to the Spider Nest.
 17626 | Lair:3   | Reached **** piety under Vehumet
 17627 | Lair:3   | Reached skill level 1 in Air Magic
 17673 | Lair:3   | Found a staircase to the Swamp.
 17740 | Lair:3   | Reached skill level 11 in Short Blades
 17740 | Lair:3   | Reached skill level 10 in Conjurations
 18039 | Lair:3   | Reached skill level 10 in Fighting
 18319 | Lair:3   | Offered knowledge of Freezing Cloud by Vehumet.
 18984 | Lair:4   | Noticed a six-headed hydra
 19001 | Lair:4   | Killed a six-headed hydra
 19365 | Lair:4   | Reached XP level 13. HP: 112/113 MP: 10/26
 19910 | Lair:4   | Found a viscous altar of Jiyva.
 19913 | Lair:4   | Found a staircase to the Slime Pits.
 20165 | Lair:5   | Entered Level 5 of the Lair of Beasts
 20314 | Lair:5   | Reached ***** piety under Vehumet
 20552 | Lair:4   | Offered knowledge of Starburst by Vehumet.
 20567 | Lair:4   | Learned a level 6 spell: Starburst
 22155 | Lair:4   | Reached skill level 5 in Shields
 22668 | Lair:5   | Reached skill level 12 in Short Blades
 22830 | Lair:5   | Identified the +1 plate armour of Bepnom {Regen+}
 23658 | Lair:5   | Reached XP level 14. HP: 97/124 MP: 18/27
 24582 | D:11     | Reached skill level 10 in Spellcasting
 24687 | D:11     | Found Winguk's Magic Scroll Shoppe.
 24695 | D:11     | Bought a scroll of identify for 28 gold pieces
 24695 | D:11     | Bought a scroll of identify for 28 gold pieces
 24695 | D:11     | Bought a scroll of identify for 28 gold pieces
 24916 | D:11     | Found a white marble altar of Elyvilon.
 25210 | Orc:1    | Entered Level 1 of the Orcish Mines
 25297 | Orc:1    | Offered knowledge of Sticky Flame by Vehumet.
 25311 | D:11     | Learned a level 4 spell: Sticky Flame
 25377 | D:11     | Learned a level 3 spell: Stone Arrow
 25929 | Orc:2    | Entered Level 2 of the Orcish Mines
 26002 | Orc:2    | Noticed Urug
 26009 | Orc:2    | Killed Urug
 26157 | Orc:2    | Found a staircase to the Elven Halls.
 26312 | Orc:2    | Reached skill level 1 in Earth Magic
 26578 | Orc:2    | Reached skill level 10 in Dodging
 26648 | Orc:2    | Reached skill level 13 in Short Blades
 26902 | Orc:2    | Found Ysoula Dona's Magic Scroll Emporium.
 26902 | Orc:2    | Found Akuduank's Book Boutique.
 26969 | Orc:2    | Offered knowledge of Arcjolt by Vehumet.
 27009 | Orc:2    | Found Itocue's Assorted Antiques.
 27009 | Orc:2    | Found Naon's General Store.
 27327 | Orc:2    | Bought a scroll of identify for 24 gold pieces
 27327 | Orc:2    | Bought a scroll of identify for 24 gold pieces
 27327 | Orc:2    | Bought a scroll of identify for 24 gold pieces
 27327 | Orc:2    | Identified a scroll of acquirement
 27328 | Orc:2    | Acquired the +0 hat of the Devil's Team {rElec rN+ Dex+3}
 27608 | D:12     | Identified the +0 ring mail "Ediymoi" {*Corrode rF++ rC-
                  | rN+++}
 27682 | D:12     | Reached skill level 10 in Fire Magic
 28572 | D:13     | Noticed Kirke
 28604 | D:12     | Killed Kirke
 28985 | D:13     | Found a bloodstained altar of Trog.
 28990 | D:13     | Found a gate leading to a gauntlet.
 28999 | Gauntlet | Entered a Gauntlet
 28999 | Gauntlet | Found a transporter.
 28999 | Gauntlet | Found a transporter.
 29008 | Gauntlet | Found a transporter.
 29029 | Gauntlet | Found a transporter.
 29037 | Gauntlet | Found a large runed translucent door.
 29038 | Gauntlet | Found a large runed translucent door.
 29039 | Gauntlet | Found a large runed translucent door.
 29039 | Gauntlet | Found a large runed translucent door.
 29039 | Gauntlet | Found a large runed translucent door.
 29039 | Gauntlet | Found a large runed translucent door.
 29039 | Gauntlet | Found a large runed translucent door.
 29039 | Gauntlet | Found a large runed translucent door.
 29040 | Gauntlet | Found a runed translucent door.
 29040 | Gauntlet | Found a runed translucent gate.
 29041 | Gauntlet | Found a runed translucent gate.
 29041 | Gauntlet | Found a transporter.
 29041 | Gauntlet | Found a transporter.
 29041 | Gauntlet | Found a transporter.
 29044 | Gauntlet | Found a transporter.
 29044 | Gauntlet | Found a transporter.
 29058 | Gauntlet | Found a transporter.
 29074 | Gauntlet | Found a transporter.
 29081 | Gauntlet | Found a runed translucent door.
 29085 | Gauntlet | Found a transporter.
 29099 | Gauntlet | Found a transporter.
 29111 | Gauntlet | Found a large runed translucent door.
 29112 | Gauntlet | Found a large runed translucent door.
 29113 | Gauntlet | Found a large runed translucent door.
 29113 | Gauntlet | Found a large runed translucent door.
 29113 | Gauntlet | Found a large runed translucent door.
 29113 | Gauntlet | Found a large runed translucent door.
 29114 | Gauntlet | Found a runed translucent gate.
 29114 | Gauntlet | Found a large runed translucent door.
 29114 | Gauntlet | Found a runed translucent door.
 29114 | Gauntlet | Found a large runed translucent door.
 29119 | Gauntlet | Found a transporter.
 29192 | Gauntlet | Identified the +2 pair of boots of Cusof {rF+}
 29282 | Gauntlet | Identified the +3 pair of gloves "Nioplef" {rN+ rCorr
                  | Slay-6}
 29391 | Gauntlet | Identified the +7 broad axe "Nabroep" {flame, rC+ Str+4}
 29422 | D:13     | Shot with an arrow by a centaur warrior

Illustrated notes

Levels and vault maps discovered:
D:1:      minmay_arrival_three_doors, layout_basic
D:2:      layout_basic, serial_shops, shop, st_stairs_1, minmay_joined_circles
D:3:      minmay_chambers_of_twos, layout_basic, kennysheep_vampire_church,
          chequers_garden, uniq_robin
D:4:      layout_basic, mainiacjoe_overflow_alcove_2, uniq_eustachio, uniq_ijyb
D:5:      layout_basic, kennysheep_mini, minmay_manual_maat, uniq_duvessa,
          uniq_prince_ribbit1
D:6:      layout_loops_ring, minmay_temple_entry_gardened_gates,
          small_statue_intersection
D:7:      layout_loops_ring, mainiacjoe_overflow_chevrons, serial_bayou,
          serial_bayou_shore_a, serial_bayou_pond_d, serial_bayou_pond_d,
          serial_bayou_shore_b, minmay_misc_feat_enclosed,
          minmay_manual_monstrance, uniq_joseph
D:8:      layout_rooms
D:9:      layout_irregular_city, serial_shops, nicolae_stop_n_shop_1
D:10:     layout_cross, mainiacjoe_overflow_alcove_4,
          gammafunk_temple_overflow_pools, lair_entry_dummy
D:11:     layout_cave_pools, orc_0_dummy, serial_shops, shop_scrolls,
          elyvilon_altar_4
D:12:     layout_basic
D:13:     layout_cave_pools, gauntlet_entry_generic, bloody_trog, uniq_kirke
Temple:   hellmonk_temple_two_chambers
Lair:1:   layout_cave_pods, ebering_ghost_inner_flame,
          grunt_forest_large_clearing_hut
Lair:2:   layout_loops_ring, spider_nest_entry_webs, uniq_harold
Lair:3:   layout_loops_ring, skrybe_swamp_entry_bodies,
          chequers_serial_rivers_small_a, serial_bayou_lake_a
Lair:4:   layout_roguey, slime_entry_1, chequers_serial_rivers_small_b,
          grunt_megastairs_1
Lair:5:   minmay_lair_end_enchanted_forest, layout_regular_city
Orc:1:    layout_caves
Orc:2:    st_orc_town, layout_caves, uniq_urug

Skill      XL: |  1  2  3  4  5  6  7  8  9 10 11 12 13 14 |
---------------+-------------------------------------------+-----
Stealth        | 2 |  2.0
Dodging        | 2 3 4 5 6 7 8 9 10 | 10.0
Fighting       | 1 2 3 4 5 7 8 9 10 11 12 | 12.3
Spellcasting   | 3 4 5 6 7 8 9 10 | 10.8
Conjurations   | 5 6 7 8 9 10 11 12 | 12.1
Short Blades   | 1 3 6 8 10 11 12 13 | 13.0
Maces & Flails | 2 |  2.0
Throwing       | 1 |  1.0
Evocations     | 3 4 |  4.0
Fire Magic     | 2 5 7 8 10 | 10.6
Translocations | 2 3 |  3.0
Shields        | 3 5 6 |  6.0
Air Magic      | 1 |  1.0
Earth Magic    | 1 |  1.0

Action                     |  1- 3 |  4- 6 |  7- 9 | 10-12 | 13-15 || total
---------------------------+-------+-------+-------+-------+-------++-------
  Melee: Unarmed           |     9 |       |       |       |       ||     9
         Short sword       |     7 |    41 |    32 |    76 |   169 ||   325
         Tailslap          |       |     5 |     2 |    14 |    39 ||    60
         Punch             |       |       |     1 |       |     1 ||     2
  Throw: Javelin           |       |       |       |     7 |     1 ||     8
         Dart              |       |       |       |     2 |     8 ||    10
   Cast: Magic Dart        |    52 |   100 |    61 |   131 |   124 ||   468
         Searing Ray       |     3 |    21 |    65 |   191 |   173 ||   453
         Foxfire           |       |       |       |    14 |   214 ||   228
         Iskenderun's Myst |       |       |       |       |    86 ||    86
         Starburst         |       |       |       |       |    65 ||    65
         Stone Arrow       |       |       |       |       |    23 ||    23
         Sticky Flame      |       |       |       |       |     1 ||     1
         Kindle Blastspark |       |       |       |       |     1 ||     1
Ability: Breathe Fire      |       |       |     2 |     1 |       ||     3
  Evoke: Wand              |       |       |     3 |    12 |     7 ||    22
    Use: Scroll            |       |     3 |     4 |    12 |    15 ||    34
         Potion            |       |     1 |       |       |     1 ||     2
   Stab: Paralysed         |       |       |       |     6 |       ||     6
         Invisible         |       |       |       |       |     1 ||     1
 Armour: Skin              |     4 |    33 |    23 |    81 |   212 ||   353
  Dodge: Dodged            |    26 |   100 |   111 |   508 |   461 ||  1206
  Block: Buckler           |       |       |       |       |   126 ||   126

Table legend: (Time is in decaauts)
 A = Elapsed time spent in this place.
 B = Non-inter-level travel time spent in this place.
 C = Inter-level travel time spent in this place.
 D = Time resting spent in this place.
 E = Time spent auto-exploring this place.
 F = Levels seen in this place.
 G = Mean time per level.
                   A        B        C        D        E       F      G
               +--------+--------+--------+--------+--------+-----+--------+
         Total |  29356 |  27921 |   1435 |   3439 |  19699 |  22 | 1334.4 |
       Dungeon |  16869 |  16099 |    770 |   1957 |  11712 |  13 | 1297.6 |
        Temple |     49 |     45 |      4 |      0 |     42 |   1 |   49.0 |
          Lair |   9958 |   9480 |    478 |   1342 |   6489 |   5 | 1991.6 |
  Orcish Mines |   2077 |   1895 |    182 |     82 |   1326 |   2 | 1038.5 |
      Gauntlet |    401 |    401 |      0 |     58 |    130 |   1 |  401.0 |
               +--------+--------+--------+--------+--------+-----+--------+

Top non-repeatable levels by time:
  Lair:5: 2871 daAuts
  Lair:4: 2353 daAuts
     D:7: 2109 daAuts
     D:3: 2064 daAuts
  Lair:1: 2012 daAuts
     D:4: 1569 daAuts
     D:2: 1529 daAuts
    D:12: 1488 daAuts
  Lair:3: 1453 daAuts
     D:9: 1439 daAuts
   Orc:2: 1424 daAuts
    D:10: 1297 daAuts
  Lair:2: 1267 daAuts
     D:6: 1126 daAuts
     D:1: 1061 daAuts
